 Dungeon Crawl Stone Soup version 0.30-a0-297-g0ec75d9ef4 (webtiles) character file.

Game seed: 12518256191575955801

4949 lunkers the Geomancer (level 11, -3/81 (82) HPs)
             Began as a Meteoran Wanderer on Oct 19, 2022.
             Was a Follower of Ashenzari.
             Slain by a wolf (9 damage)
             ... on level 1 of the Lair of Beasts.
             The game lasted 00:15:02 (4657 turns).

lunkers the Geomancer (Meteoran Wanderer)           Turns: 4657, Time: 00:15:03

HP:   -3/81 (82)    AC:  8    Str: 15    XL:     11   Next: 8%
MP:   19/21         EV: 12    Int: 16    God:    Ashenzari [*.....]
Gold: 280           SH:  3    Dex: 15    Spells: 12/23 levels left

rFire   . . .      SeeInvis .    a - +2 dagger (venom)
rCold   . . .      Faith    .    n - +0 buckler
rNeg    . . .      Spirit   .    p - +0 acid dragon scales
rPois   .          Reflect  .    (no helmet)
rElec   .          Harm     .    (no cloak)
rCorr   +          Rampage  .    h - +1 pair of gloves "I Foresaw This" {Cun, Comp} (curse)
Will    ++...                    (no boots)
Stlth   +.........               l - amulet "Overhang to Understand" {Regen+, Melee, Self} (curse)
HPRegen 1.13/turn                g - ring of willpower
MPRegen 0.17/turn                m - ring of resist corrosion

@: about to teleport, glowing, lightly drained
A: sense surroundings 2, otherworldly, glowing, explore regen
a: Renounce Religion, Shatter the Chains


You were on level 1 of the Lair of Beasts.
You worshipped Ashenzari.
Ashenzari was aware of your devotion.
You visited 3 branches of the dungeon, and saw 10 of its levels.
You also visited: Sewer.

You collected 280 gold pieces.

Inventory:

Hand Weapons
 a - a +2 dagger of venom (weapon)
 s - a +1 whip of electrocution
 z - a +6 war axe
 C - a +2 dagger
Missiles
 b - 4 curare-tipped darts
 k - 20 poisoned darts
Armour
 e - a +0 robe
 h - the cursed +1 pair of gloves "I Foresaw This" (worn) {Cun, Comp}
   (You found it on level 1 of the Dungeon)

   It has a curse which improves the following skills: Cunning: Dodging and
   Stealth.
   Companions: Summonings and Necromancy.
 j - a +0 leather armour of poison resistance
 n - a +0 buckler (worn)
 p - +0 acid dragon scales (worn)
 w - a +0 cloak
Jewellery
 g - a ring of willpower (left hand)
 l - the cursed amulet "Overhang to Understand" (around neck) {Regen+, Melee, Self}
   (You found it on level 1 of the Dungeon)

   [amulet of regeneration]

   Regen:     It increases your rate of health regeneration.
   It has a curse which improves the following skills: Melee Combat: Short
   Blades, Long Blades, Axes, Maces & Flails, Polearms, Staves and Unarmed
   Combat.
   Introspection: Fighting and Spellcasting.
 m - a ring of resist corrosion (right hand)
 y - a ring of fire
Wands
 x - a wand of paralysis (2)
Scrolls
 i - a scroll of amnesia
 q - a scroll of torment
 t - a scroll of enchant weapon
 v - a scroll of immolation
 D - a scroll of fear
Potions
 d - 4 potions of attraction
 o - 2 potions of curing
 r - a potion of resistance
 A - a potion of might
 B - a potion of mutation
Miscellaneous
 c - a piece from Xom's chessboard (15/15)


   Skills:
 - Level 2.7(3.4) Fighting
 - Level 7.9(8.8) Short Blades
 - Level 3.6 Throwing
 - Level 3.4(4.2) Dodging
 + Level 5.6(6.5) Spellcasting
 + Level 4.7(5.5) Necromancy
 * Level 12.9 Earth Magic
 - Level 2.4 Poison Magic
 - Level 3.6 Evocations


You had 12 spell levels left.
You knew the following spells:

 Your Spells              Type           Power      Damage    Failure   Level
b - Passwall              Tmut/Erth      20%        N/A       2%          2
c - Stone Arrow           Conj/Erth      50%        3d10      5%          3
d - Borgnjor's Vile Clut  Necr/Erth      17%        N/A       16%         5
p - Sandblast             Erth           92%        2d19      1%          1

Your spell library contained the following spells:

 Spells                   Type           Power      Damage    Failure   Level
 Cigotuvi's Dreadful Rot  Necr/Pois/Air  26%        N/A       13%         2
 Poisonous Vapours        Pois/Air       18%        N/A       22%         2
 Magic Dart               Conj           20%        1d4       26%         1
 Dispel Undead            Necr           22%        3d12      26%         4
 Searing Ray              Conj           10%        2d4       36%         2
 Ozocubu's Armour         Ice            5%         N/A       58%         3
 Fulminant Prism          Conj/Hex       2%         3d6       94%         4
 Alistair's Intoxication  Tmut/Pois      6%         N/A       99%         5
 Death Channel            Necr           11%        N/A       99%         6
 Eringya's Noxious Bog    Tmut/Pois      4%         N/A       100%        6
 Ozocubu's Refrigeration  Ice            2%         4d8       100%        7


Dungeon Overview and Level Annotations

Branches:
Dungeon (8/15) Zot: 969    Temple (1/1) D:5 Zot: 402    Lair (1/5) D:8 Zot: 589
  Sewer (visited)

Altars:
Ashenzari
Cheibriados
Dithmenos
Elyvilon
Fedhas
Gozag
Hepliaklqana
Kikubaaqudgha
Makhleb
Nemelex Xobeh
Qazlal
Ru
Sif Muna
Trog
Vehumet
Wu Jian
Xom
Yredelemnul
Zin
The Shining One

Shops:
D:4 (   D:6 ([*


Innate Abilities, Weirdness & Mutations

You passively map the area around you.
You are easily found by Zot.
You glow in the dark.
You regain HP and MP as you explore.


Message History

As you read the scroll of teleportation, it crumbles to dust.
You feel strangely unstable.
A wolf comes into view.
A water moccasin comes into view.
The catoblepas breathes a plume of calcifying dust at you.
The blast of calcifying dust hits you but does no damage.
The catoblepas attacks as you move away!
The catoblepas gores you!
* * * LOW HITPOINT WARNING * * *
The wolf bites you!
* * * LOW HITPOINT WARNING * * *
Unknown command.
The steam dragon attacks as you move away!
The steam dragon barely misses you. The steam dragon claws you.
* * * LOW HITPOINT WARNING * * *
The wolf attacks as you move away! You block the wolf's attack.
The water moccasin hisses angrily.
The wolf bites you but does no damage.
The steam dragon is engulfed in calcifying dust.
The steam dragon is moving more slowly.
Unknown command.
Found a stone staircase leading down.
Your surroundings seem slightly different.
Found a potion of haste.
Unknown command.
As you read the scroll of teleportation, it crumbles to dust.
You feel strangely unstable. The wolf bites you.
* * * LOW HITPOINT WARNING * * *
The wolf bites you but does no damage. The wolf bites you.
* * * LOW HITPOINT WARNING * * *
The catoblepas gores you!
* * * LOW HITPOINT WARNING * * *
Found 4 stones.
Found an escape hatch in the floor.
The wolf bites you.
* * * LOW HITPOINT WARNING * * *
The wolf bites you but does no damage. x2
The steam dragon stops moving altogether!
The wolf bites you.
* * * LOW HITPOINT WARNING * * *
The wolf closely misses you. The wolf bites you but does no damage.
The wolf attacks as you move away! The wolf bites you!
You die...

, , > * ...... * ,
....#.( *## *
,........##.#
...!.......#
..>.........### *
*
..............##.#
, *
.................
* * *
#.......h@.......,
,
#......YhhS......
,,, ,
##...............
,
#..##...[........
, #...D..........
, ,
##............., ,
#...........>. , ,
#.#.<..###.....
####...#* .... , *


You could see a catoblepas, a steam dragon (petrified), a water moccasin and 3
wolves.

Vanquished Creatures
  Maggie (D:6)
  A hornet (D:7)
  A shadow (D:6)
  4 yaks (D:8)
  2 wyverns (D:8)
  Eustachio (D:6)
  A steam dragon (D:7)
  2 basilisks (D:8)
  Menkaure (D:6)
  2 water moccasins
  2 orc warriors
  2 sky beasts
  An ice beast (D:6)
  A black bear (D:6)
  3 kobold brigands
  3 necrophages
  3 bullfrogs
  A gnoll sergeant (D:7)
  6 scorpions
  5 wights (D:7)
  4 hounds
  4 orc priests
  2 iguanas
  7 orc wizards
  7 gnolls
  3 river rats (Sewer)
  14 adders
  A shadow imp (D:7)
  3 ufetubi
  19 orcs
  8 bats
  3 endoplasms
  4 giant cockroaches
  6 hobgoblins
  5 jackals
  13 kobolds
  4 quokkas
  6 ball pythons
  4 frilled lizards
  5 goblins
  2 rats
167 creatures vanquished.

Vanquished Creatures (others)
  23 plants
23 creatures vanquished.

Grand Total: 190 creatures vanquished

Notes
Turn   | Place    | Note
-------+----------+-------------------------------------------
     0 | D:1      | lunkers the Meteoran Wanderer began the quest for the Orb.
     0 | D:1      | lunkers set off with the following items: a +2 dagger, 4
                  | curare-tipped darts, a piece from Xom's chessboard (15/15),
                  | a potion of attraction, a +0 robe; and the following spells
                  | available to memorise: Poisonous Vapours, Cigotuvi's
                  | Dreadful Rot.
     0 | D:1      | Reached XP level 1. HP: 14/14 MP: 3/3
   133 | D:1      | Reached skill level 1 in Short Blades
   144 | D:1      | Reached XP level 2. HP: 20/20 MP: 5/5
   430 | D:2      | Reached XP level 3. HP: 24/26 MP: 6/6
  1268 | D:3      | Reached XP level 4. HP: 33/33 MP: 7/7
  1385 | D:4      | Noticed a scorpion
  1386 | D:4      | Noticed a scorpion
  1399 | D:4      | Killed a scorpion
  1400 | D:4      | Reached XP level 5. HP: 21/38 MP: 8/8
  1403 | D:4      | Reached skill level 5 in Short Blades
  1403 | D:4      | Reached XP level 6. HP: 26/45 MP: 9/9
  1656 | D:4      | Found Kiliaq's Antique Weapon Boutique.
  1699 | D:5      | Entered Level 5 of the Dungeon
  1915 | D:5      | Reached XP level 7. HP: 14/50 MP: 10/10
  2109 | D:5      | Found a glowing drain.
  2201 | D:5      | Reached skill level 1 in Fighting
  2265 | Sewer    | Entered a sewer
  2361 | Sewer    | Reached XP level 8. HP: 61/61 MP: 11/11
  2942 | D:5      | Found a staircase to the Ecumenical Temple.
  2959 | Temple   | Entered the Ecumenical Temple
  3139 | Temple   | Became a worshipper of Ashenzari the Shackled
  3148 | D:5      | Learned a level 1 spell: Sandblast
  3231 | D:5      | Reached skill level 2 in Earth Magic
  3252 | D:5      | Reached skill level 3 in Earth Magic
  3348 | D:5      | Reached skill level 4 in Earth Magic
  3543 | D:6      | Noticed Menkaure
  3562 | D:6      | Killed Menkaure
  3563 | D:6      | Reached skill level 5 in Earth Magic
  3608 | D:6      | Reached skill level 6 in Earth Magic
  3608 | D:6      | Gained mutation: You passively map the area around you.
                  | [Meteoran growth]
  3608 | D:6      | Reached XP level 9. HP: 27/68 MP: 7/12
  3631 | D:6      | Found a glowing golden altar of the Shining One.
  3644 | D:6      | Reached skill level 7 in Earth Magic
  3655 | D:6      | Noticed Eustachio
  3674 | D:6      | Killed Eustachio
  3675 | D:6      | Reached skill level 8 in Earth Magic
  3681 | D:6      | Learned a level 2 spell: Passwall
  3685 | D:6      | Learned a level 3 spell: Stone Arrow
  3763 | D:6      | Found Oruy's Antique Weapon Boutique.
  3878 | D:6      | Reached skill level 9 in Earth Magic
  3889 | D:6      | Noticed Maggie
  3904 | D:6      | Killed Maggie
  3933 | D:6      | Found Tehijurph's General Store.
  3937 | D:6      | Reached skill level 10 in Earth Magic
  4078 | D:6      | Found Upyromog's Armour Shoppe.
  4094 | D:6      | Reached XP level 10. HP: 74/74 MP: 11/14
  4100 | D:6      | Learned a level 5 spell: Borgnjor's Vile Clutch
  4330 | D:7      | Reached skill level 1 in Necromancy
  4349 | D:7      | Reached skill level 11 in Earth Magic
  4512 | D:8      | Reached skill level 12 in Earth Magic
  4543 | D:8      | Reached skill level 5 in Spellcasting
  4560 | D:8      | Reached XP level 11. HP: 48/81 MP: 3/20
  4630 | D:8      | Reached * piety under Ashenzari
  4635 | D:8      | Found a staircase to the Lair.
  4646 | Lair:1   | Entered Level 1 of the Lair of Beasts
  4646 | Lair:1   | Noticed a catoblepas
  4657 | Lair:1   | Slain by a wolf

Illustrated notes

Levels and vault maps discovered:
D:1:      eino_arrival_water_star, layout_basic, dreamdust_princess_bridge,
          glass_columns_b, minmay_tromino_v4_c
D:2:      layout_basic, serial_corexii_hall, chequers_hall_statues_wall_a,
          corexii_hall_statues_i, minmay_door_square, guppyfry_early_orc_mine
D:3:      layout_basic, chequers_serial_rivers_micro_c,
          chequers_serial_rivers_micro_d, uniq_crazy_yiuf_cottage
D:4:      minmay_skewed_foursquare, layout_basic, serial_shops, shop, hex_tiny
D:5:      layout_loops_ring, minmay_temple_entry_offerings,
          gup_sewer_entry_glass
D:6:      layout_basic, mainiacjoe_overflow_small_starburst, serial_shops,
          kennysheep_mini_moat, nicolae_shop_hallway_plus, shop_statue,
          st_stairs_8, uniq_menkaure, uniq_maggie, uniq_eustachio
D:7:      layout_basic, minmay_between
D:8:      layout_basic, minmay_lair_entry_grove, hellmonk_ghost_happy_afterlife
Temple:   nicolae_temple_bog_church
Lair:1:   lemuel_ratsnest, layout_cave_shapes, gauntlet_entry_generic

Skill      XL: |  1  2  3  4  5  6  7  8  9 10 |
---------------+-------------------------------+-----
Short Blades   | 1 2 3 4 5 6 7 |  7.9
Fighting       | 2 |  2.7
Dodging        | 2 3 |  3.4
Earth Magic    | 6 10 12 | 12.9
Spellcasting   | 2 5 |  5.6
Necromancy     | 4 |  4.7
Throwing       | |  3.6
Poison Magic   | |  2.4
Evocations     | |  3.6

Action                   |  1- 3 |  4- 6 |  7- 9 | 10-12 || total
-------------------------+-------+-------+-------+-------++-------
Melee: Dagger            |   117 |   175 |   570 |    45 ||   907
       Punch             |     1 |       |       |       ||     1
Throw: Dart              |       |     5 |     5 |       ||    10
 Cast: Sandblast         |       |       |    47 |    70 ||   117
       Stone Arrow       |       |       |     5 |     7 ||    12
Invok: Curse Item        |       |       |     1 |     1 ||     2
Evoke: Piece from Xom's  |       |       |     1 |       ||     1
       Wand              |       |       |       |     3 ||     3
  Use: Scroll            |       |       |    15 |     3 ||    18
 Stab: Confused          |       |       |     1 |       ||     1
       Paralysed         |       |       |       |     4 ||     4
Armor: Robe              |    42 |    24 |   105 |       ||   171
       Acid dragon scale |       |       |     9 |    35 ||    44
       Leather armour    |       |       |     1 |       ||     1
Dodge: Dodged            |    65 |    41 |   203 |    36 ||   345
Block: Buckler           |     7 |    15 |    67 |     8 ||    97

Table legend: (Time is in decaauts)
 A = Elapsed time spent in this place.
 B = Non-inter-level travel time spent in this place.
 C = Inter-level travel time spent in this place.
 D = Time resting spent in this place.
 E = Time spent auto-exploring this place.
 F = Levels seen in this place.
 G = Mean time per level.
                   A        B        C        D        E       F      G
               +--------+--------+--------+--------+--------+-----+--------+
         Total |   4535 |   4261 |    274 |      0 |   2439 |  11 |  412.3 |
       Dungeon |   3831 |   3570 |    261 |      0 |   2047 |   8 |  478.9 |
        Temple |    197 |    184 |     13 |      0 |    143 |   1 |  197.0 |
          Lair |     10 |     10 |      0 |      0 |      0 |   1 |   10.0 |
         Sewer |    495 |    495 |      0 |      0 |    248 |   1 |  495.0 |
               +--------+--------+--------+--------+--------+-----+--------+

Top non-repeatable levels by time:
     D:5: 923 daAuts
     D:6: 758 daAuts
     D:2: 640 daAuts
   Sewer: 495 daAuts
     D:4: 436 daAuts
     D:1: 394 daAuts
     D:3: 317 daAuts
     D:8: 207 daAuts
  Temple: 197 daAuts
     D:7: 152 daAuts
  Lair:1: 10 daAuts
